 Dungeon Crawl Stone Soup version 0.29.0-11-gd7f09526c8 (webtiles) character file.

Game seed: 3762026527260850563

150 Arum the Covered (level 5, -2/39 (43) HPs)
             Began as a Formicid Fighter on Sept 2, 2022.
             Killed by vampiric draining
             ... invoked by a vampire
             ... created by the anger of Yredelemnul
              (9 damage)
             ... on level 3 of the Dungeon.
             The game lasted 00:05:57 (3499 turns).

Arum the Covered (Formicid Fighter)                 Turns: 3499, Time: 00:05:58

HP:   -2/39 (43)    AC: 14    Str: 22      XL:     5   Next: 58%
MP:   5/5           EV:  6    Int:  5 (6)  God:
Gold: 153           SH:  5    Dex: 13      Spells: 4/4 levels left

rFire   . . .      SeeInvis +   f - +2 quarterstaff (chaos)
rCold   . . .      Faith    .   c - +0 buckler
rNeg    . . .      Spirit   .   e - +0 plate armour
rPois   .          Reflect  .   (helmet unavailable)
rElec   .          Harm     .   g - +0 cloak
rCorr   .          Rampage  .   (no gloves)
Will    .....                   l - +0 pair of boots
Stlth   ..........              (no amulet)
HPRegen 0.13/turn               (no ring)
MPRegen 0.09/turn               (no ring)

@: drained
A: permanent stasis, dig shafts and tunnels, antennae 3, four strong arms,
hooves 1, dopey 1
a: Dig, Shaft Self


You were on level 3 of the Dungeon.
You visited 1 branch of the dungeon, and saw 3 of its levels.

You collected 153 gold pieces.

Inventory:

Hand Weapons
 a - a +0 quarterstaff
 f - a +2 quarterstaff of chaos (weapon)
Armour
 c - a +0 buckler (worn)
 e - a +0 plate armour (worn)
 g - a +0 cloak (worn)
 l - a +0 pair of boots (worn)
Wands
 k - a wand of quicksilver (7)
Scrolls
 b - a scroll of poison {unknown}
 d - 4 scrolls of identify {unknown}
 h - a scroll of teleportation {unknown}
 i - 2 scrolls of vulnerability {unknown}
 j - a scroll of butterflies {unknown}


   Skills:
 + Level 4.5 Fighting
 + Level 3.4 Staves
 + Level 4.6 Armour
 - Level 4.0 Shields


You had 4 spell levels left.
You didn't know any spells.
Your spell library contained the following spells:

 Spells                   Type           Power      Damage    Failure   Level
 Ignite Poison            Fire/Tmut/Pois 0%         N/A       100%        3
 Mephitic Cloud           Conj/Pois/Air  0%         N/A       100%        3
 Ozocubu's Armour         Ice            0%         N/A       100%        3
 Freezing Cloud           Conj/Ice/Air   0%         6-21      100%        5
 Ozocubu's Refrigeration  Ice            0%         4d7       100%        7


Dungeon Overview and Level Annotations

Branches:
Dungeon (3/15)

Altars:
Gozag
Nemelex Xobeh
Trog
Yredelemnul


Innate Abilities, Weirdness & Mutations

You cannot be hasted, slowed, berserked, paralysed or teleported.
You can dig through walls and to a lower floor.
You have a pair of large antennae on your head. (SInv)
Your four strong arms can wield two-handed weapons with a shield.
You have large cloven feet.
You are dopey. (Int -2)


Message History

You block the vampire's attack. The vampire barely misses you.
You extend your mandibles.
You dig through the rock wall.
You feel drained.
It was a potion of mutation.
You feel extremely strange.
You feel stupid.
Your feet thicken and deform.
The vampire hits you. The vampire bites you.
The vampire draws strength from your injuries!
Unknown command.
Unknown command.
You retract your mandibles.
You completely miss the vampire.
The vampire is moderately damaged.
The vampire hits you but does no damage.
The vampire bites you.
The vampire draws strength from your injuries!
Aiming: Quicksilver Bolt
Press: ? - help, Shift-Dir - straight line, f - vampire
Aim: a vampire (durably summoned, 71% to hit)
The bolt of dispelling energy hits the vampire!
The vampire is heavily damaged.
The bolt of dispelling energy hits the vampire!
The vampire is moderately damaged.
The vampire hits you.
The vampire bites you but does no damage.
You hit the vampire but do no damage.
The vampire is heavily damaged.
The vampire hits you! You block the vampire's attack.
Aiming: Quicksilver Bolt
Press: ? - help, Shift-Dir - straight line, f/p - vampire
Aim: a vampire (moderately damaged, durably summoned, 71% to hit)
The bolt of dispelling energy hits the vampire!
The vampire is severely damaged.
The bolt of dispelling energy hits the vampire!
The vampire is severely damaged.
The vampire draws life force from you!
* * * LOW HITPOINT WARNING * * *
The vampire is healed by the life force!
You barely miss the vampire.
The vampire is heavily damaged.
The vampire draws life force from you!
You die...

#.. ... ##+### #.# ##.....##
#.# ##...⌠...# ###.#
##########.........
.##.###.......##.8._._.8.
........##.......V.......
.##.##..##.##.###V..⌠...# ###
...........##.##@#.....## ..#
.##<....#####.###############.#
.#####..# #.# #..........### .#
##..... ..# #.##.#####.#..
.......####
########.##.#####.... #####...#
####...##.##.......#.# #...#
#...###.#.##########.# # #...#
#..## ##..# #.# #####>..####..#
#..# #..


You could see 2 vampires.

Vanquished Creatures
  An unseen horror zombie (D:2)
  A shadow (D:2)
  Crazy Yiuf (D:2)
  A bullfrog skeleton (D:1)
  An orc priest (D:3)
  A howler monkey skeleton (D:1)
  4 adders
  A worm (D:3)
  7 orcs (D:3)
  6 endoplasms
  5 giant cockroaches
  3 goblins
  2 quokkas
  7 ball pythons
  4 bats
  4 frilled lizards
  5 kobolds
  3 rats
57 creatures vanquished.

Notes
Turn   | Place    | Note
-------+----------+-------------------------------------------
     0 | D:1      | Arum the Formicid Fighter began the quest for the Orb.
     0 | D:1      | Reached XP level 1. HP: 18/18 MP: 1/1
    58 | D:1      | Found a faded altar of an unknown god.
    70 | D:1      | Prayed at the altar of an unknown god.
    70 | D:1      | Became a worshipper of Yredelemnul the Dark
    70 | D:1      | Reached * piety under Yredelemnul
    71 | D:1      | Fell from the grace of Yredelemnul
   247 | D:1      | Reached XP level 2. HP: 9/24 MP: 2/2
  1259 | D:2      | Reached XP level 3. HP: 30/30 MP: 3/3
  1397 | D:2      | Noticed an unseen horror zombie
  1406 | D:2      | Killed an unseen horror zombie
  2290 | D:2      | Noticed a shadow
  2313 | D:2      | Killed a shadow
  2498 | D:2      | Reached XP level 4. HP: 36/36 MP: 4/4
  2549 | D:2      | Found a runed translucent door.
  2550 | D:2      | Noticed Crazy Yiuf
  2560 | D:2      | Killed Crazy Yiuf
  2876 | D:3      | Identified the +10 dagger of Fragile Peace {vorpal, rF+}
  2904 | D:3      | Reached XP level 5. HP: 43/43 MP: 5/5
  3003 | D:3      | Found a bloodstained altar of Trog.
  3489 | D:3      | Found a sparkling altar of Nemelex Xobeh.
  3489 | D:3      | Found an opulent altar of Gozag.
  3491 | D:3      | Noticed a vampire
  3491 | D:3      | Noticed a vampire
  3494 | D:3      | Gained mutation: You are dopey. (Int -2) [potion of
                  | mutation]
  3494 | D:3      | Gained mutation: You have large cloven feet. [potion of
                  | mutation]
  3499 | D:3      | Killed from afar by a vampire

Illustrated notes

Levels and vault maps discovered:
D:1:      dpeg_arrival_water_fire, layout_basic,
          dreamdust_ecumenical_altar_statues
D:2:      layout_loops_ring, uniq_crazy_yiuf_cottage
D:3:      layout_loops_cross, grunt_temple_overflow_opulence,
          lemuel_round_altar, minmay_crystal_water, st_stairs_2

Skill      XL: |  1  2  3  4 |
---------------+-------------+-----
Fighting       | 4 |  4.5
Armour         | 4 |  4.6
Staves         | 3 |  3.4
Shields        | |  4.0

Action                   |  1- 3 |  4- 6 || total
-------------------------+-------+-------++-------
Melee: Quarterstaff      |   138 |    54 ||   192
Invok: Renounce Religion |     1 |       ||     1
 Abil: Dig               |       |     2 ||     2
Evoke: Wand              |       |     2 ||     2
  Use: Potion            |     8 |     1 ||     9
Armor: Plate armour      |    86 |    29 ||   115
       Scale mail        |     3 |       ||     3
Dodge: Dodged            |    47 |    19 ||    66
Block: Buckler           |    28 |    13 ||    41
